Map: New Repugnancy LE

Players

Piroxiljin - Winner!

  • Race: Terran Terran
  • Spawn Location: 7:00

VOD

Have the link to the VOD?

Description

Time

  • Played on: Jan. 26, 2019, 12:02 p.m.
  • Length: 17:27
Show
View Real Time Build Order
Export as new Build Order

Piroxiljin Terran - Winner!

Build Orders:  

Get SALT Encoding   

  12  0:02  SCV  
  13  0:19  SCV  
  14  0:29  Supply Depot  
  14  0:38  SCV  
  15  1:05  Barracks  
  15  1:07  SCV  
  16  1:24  SCV  
  17  1:42  SCV  
  17  1:44  Refinery  
  18  2:03  SCV  
  19  2:19  Marine  
  20  2:30  Supply Depot  
  20  2:32  Orbital Command  
  20  2:56  Marine  
  21  3:31  Barracks Reactor  
  21  3:51  Barracks  
  21  4:01  SCV  
  22  4:17  SCV  
  23  4:22  Marine x2  
  25  4:34  SCV  
  26  4:51  Barracks  
  26  4:52  SCV  
  26  4:56  Refinery  
  27  5:00  Marine x2  
  29  5:10  Barracks Tech Lab  
  29  5:20  Factory  
  29  5:30  Marine  
  29  5:31  Marine  
  31  6:01  Supply Depot  
  31  6:02  Supply Depot  
  31  6:04  Supply Depot  
  31  6:31  SCV  
  32  6:48  SCV  
  33  6:55  Barracks Tech Lab  
  33  7:00  Barracks Tech Lab, Engineering Bay  
  33  7:01  Siege Tank  
  35  7:24  Concussive Shells  
  35  7:28  Marauder  
  37  7:39  Command Center  
  37  7:59  Marauder x2  
  41  8:02  Siege Tank  
  44  8:27  SCV  
  45  8:40  Marauder x2  
  45  8:43  SCV  
  45  8:47  Siege Tank  
  53  9:00  SCV  
  54  9:19  Marauder x2  
  58  9:20  Siege Tank x2  
  58  9:21  Siege Tank  
  58  9:32  Siege Tank  
  58  9:35  Supply Depot  
  58  9:39  Supply Depot x2  
  61  9:40  Supply Depot  
  61  10:34  Factory  
  61  10:37  Marauder x2  
  61  10:39  Siege Tank  
  68  10:57  Supply Depot  
  67  11:01  Supply Depot  
  67  11:05  Supply Depot  
  67  11:07  Marauder  
  67  11:09  Supply Depot  
  66  11:24  Siege Tank  
  69  11:55  Marauder x2  
  72  12:08  Siege Tank  
  73  12:25  Marauder x2  
  73  13:04  Marauder x2  
  73  13:06  Siege Tank  
  69  13:34  Marauder  
  71  13:51  Siege Tank  
  71  13:57  Unknown  
  74  14:00  Terran Infantry Weapons Level 1  
  74  14:03  Engineering Bay  
  74  14:12  SCV  
  74  14:17  Refinery  
  74  14:19  Refinery  
  75  14:25  Factory Reactor  
  75  14:29  SCV, Factory Tech Lab  
  73  14:46  SCV  
  74  14:55  Marauder x2, Marine x2  
  74  14:57  Cyclone  
  83  15:03  SCV  
  81  15:20  SCV  
  82  15:50  Siege Tank  
  82  16:16  Marine x2  
  82  16:19  Cyclone  
  89  16:21  Reaper x2  
  89  16:22  Siege Tank x2  
  89  16:41  Marauder x2  
Tags
 
Add a new tag
Caveats
  • Supply blocks, unpowered buildings, or Contaminate may cause inaccurate times.
  • Supply counts are checked every 10 seconds.